 Dungeon Crawl Stone Soup version 0.27-a0-860-gaf99fae3ca (webtiles) character file.

Game seed: 15085052601001277923

393 rageheart7 the Vandal (level 7, -4/56 HPs)
             Began as a Formicid Hunter on Apr 1, 2021.
             Was an Initiate of Okawaru.
             Killed from afar by an orc wizard (10 damage)
             ... with a puff of flame
             ... on level 4 of the Dungeon.
             The game lasted 00:06:18 (3897 turns).

rageheart7 the Vandal (Formicid Hunter)             Turns: 3897, Time: 00:06:18

Health: -4/56      AC: 10    Str: 18    XL:     7   Next: 8%
Magic:  7/7        EV:  7    Int: 11    God:    Okawaru [......]
Gold:   113        SH:  0    Dex: 11    Spells: 6/6 levels left

rFire    . . .     SeeInvis +   b - +1 short sword (drain)
rCold    . . .     Faith    .   (no shield)
rNeg     . . .     Spirit   .   l - +0 chain mail
rPois    .         Reflect  .   (helmet unavailable)
rElec    .         Harm     .   (no cloak)
rCorr    .         Rampage  .   g - +0 pair of gloves
Will     .....                  o - +0 pair of boots
Stlth    ..........             (no amulet)
HPRegen  0.18/turn              (no ring)
MPRegen  0.10/turn              (no ring)

@: brilliant
A: permanent stasis, dig shafts and tunnels, antennae 3, four strong arms
a: Dig, Shaft Self, Renounce Religion


You were on level 4 of the Dungeon.
You worshipped Okawaru.
Okawaru was noncommittal.
You visited 1 branch of the dungeon, and saw 4 of its levels.

You collected 113 gold pieces.

Inventory:

Hand Weapons
 a - a +1 hunting sling
 b - a +1 short sword of draining (weapon)
 p - a +0 whip
Missiles
 d - 36 sling bullets
 e - 64 stones (quivered)
 f - 5 javelins
Armour
 g - a +0 pair of gloves (worn)
 l - a +0 chain mail (worn)
 o - a +0 pair of boots (worn)
Wands
 q - a wand of polymorph (14)
Scrolls
 j - 3 scrolls of identify {unknown}
 k - a scroll of magic mapping {unknown}
 n - a scroll of acquirement {unknown}
 r - a scroll of fear {unknown}
Potions
 h - 2 potions of ambrosia
 i - a potion of brilliance
 m - a potion of magic {unknown}
 s - a potion of haste {unknown}


   Skills:
 * Level 5.6 Fighting
 * Level 6.8 Slings
 - Level 1.7 Dodging
 - Level 1.2 Stealth


You had 6 spell levels left.
You didn't know any spells.
Your spell library contained the following spells:

 Spells                   Type           Power      Damage    Failure   Level
 Magic Dart               Conj           0%         1d3       99%         1
 Call Imp                 Summ           0%         N/A       100%        2
 Slow                     Hex            0%         N/A       100%        2
 Confusing Touch          Hex            0%         N/A       100%        3
 Conjure Flame            Conj/Fire      0%         6-21      100%        3
 Gell's Gravitas          Tloc           0%         N/A       100%        3
 Mephitic Cloud           Conj/Pois/Air  0%         N/A       100%        3
 Petrify                  Tmut/Erth      0%         N/A       100%        4
 Metabolic Englaciation   Hex/Ice        0%         N/A       100%        5
 Yara's Violent Unravell  Hex/Tmut       0%         3d3       100%        5
 Blink                    Tloc           Unusable   N/A       N/A         2

Dungeon Overview and Level Annotations

Branches:
Dungeon (4/15)
 Temple: D:4-7

Altars:
Okawaru

Shops:
D:3 [

Annotations:
D:3 1 runed translucent door, tinescath's ghost, amateur PaAK


Innate Abilities, Weirdness & Mutations

You cannot be hasted, slowed, berserked, paralysed or teleported.
You can dig through walls and to a lower floor.
You have a pair of large antennae on your head. (SInv)
Your four strong arms can wield two-handed weapons with a shield.


Message History

b - a +1 short sword of draining (weapon)
The orc warrior hits you from afar with a +0 glaive!
The orc warrior barely misses you.
You closely miss the orc warrior.
An orc priest comes into view.
It is wielding a +1 short sword of draining.
The orc warrior hits you with a +0 glaive!
You hit the orc warrior but do no damage.
You drain the orc warrior.
The orc warrior is lightly wounded.
The orc wizard hits you but does no damage.
The orc warrior barely misses you.
You barely miss the orc warrior.
The orc warrior is lightly wounded.
The orc wizard hits you with a +0 dagger.
An orc comes into view. It is wielding a +0 trident.
The orc warrior barely misses you.
It was a potion of curing.
You feel better.
The orc warrior hits you with a +0 glaive!
The orc priest invokes the aid of Beogh against you.
Beogh smites you!
Your chain mail prevents you from hitting the orc warrior.
The orc warrior is lightly wounded.
The orc wizard gestures at you while chanting.
You are confused.
The orc warrior hits you with a +0 glaive!
* * * LOW HITPOINT WARNING * * *
You are too confused!
You feel better.
The orc wizard hits you but does no damage.
The orc warrior hits you with a +0 glaive!
* * * LOW HITPOINT WARNING * * *
The orc warrior hits you from afar with a +0 glaive.
* * * LOW HITPOINT WARNING * * *
It was a potion of brilliance.
You feel clever all of a sudden.
The orc wizard casts a spell at itself.
The orc wizard flickers and vanishes for a moment.
The orc wizard casts a spell at you. The puff of flame hits you!
You die...

...# #...##..#
#.......... ..##
#.....#.# #..........
.##
#.......####.†.......
## ####
#......#.###.........
# ##..##
##......oo.{(........
##....#
#......###{.(.......
##.....# #....o.#
###.(.....#
##......## ##.....#
#..(....# ##........#
#.@...# ###.(..##
#.........# ##....##
###(##
#.........####.#####
##.o##
#..........##..#
##..##{...#
#.........##..##
....{.....##
†.......###..##
...{.o.##..#
#...######..##
..{o..# ##.#
##...####..## ..o(..
##. ##....#..##
..(o.. ##


You could see an orc warrior (drained), an orc wizard (invisible) and an orc.

Vanquished Creatures
  Sigmund (D:2)
  An orc wizard (D:4)
  Natasha (thrice) (D:2)
  Robin (D:2)
  5 adders
  3 dart slugs
  An orc (D:3)
  7 bats
  6 endoplasms
  A giant cockroach (D:1)
  13 goblins
  9 hobgoblins
  10 jackals
  6 kobolds
  5 quokkas
  2 ball pythons (D:1)
  A frilled lizard (D:2)
  3 rats
78 creatures vanquished.

Notes
Turn   | Place    | Note
-------+----------+-------------------------------------------
     0 | D:1      | rageheart7 the Formicid Hunter began the quest for the Orb.
     0 | D:1      | Reached XP level 1. HP: 16/16 MP: 1/1
    48 | D:1      | Found a faded altar of an unknown god.
   136 | D:1      | Reached XP level 2. HP: 22/23 MP: 2/2
   368 | D:1      | Reached XP level 3. HP: 29/29 MP: 3/3
   902 | D:1      | Reached skill level 5 in Slings
  1289 | D:2      | Noticed Natasha
  1304 | D:2      | Killed Natasha
  1305 | D:2      | Reached XP level 4. HP: 16/36 MP: 4/4
  1794 | D:2      | Noticed Natasha
  1797 | D:2      | Killed Natasha
  1798 | D:2      | Reached XP level 5. HP: 42/42 MP: 5/5
  1812 | D:2      | Noticed Robin
  1822 | D:2      | Killed Robin
  2815 | D:2      | Reached skill level 6 in Slings
  2879 | D:2      | Noticed Sigmund
  2896 | D:2      | Killed Sigmund
  2897 | D:2      | Reached skill level 5 in Fighting
  2897 | D:2      | Reached XP level 6. HP: 37/51 MP: 6/6
  3051 | D:2      | Noticed Natasha
  3063 | D:2      | Killed Natasha
  3253 | D:3      | Found Ascheot's Antique Armour Shoppe.
  3328 | D:3      | Found a runed translucent door.
  3330 | D:3      | Noticed tinescath's ghost (amateur PaAK)
  3347 | D:3      | Found an iron altar of Okawaru.
  3629 | D:3      | Became a worshipper of Warmaster Okawaru
  3821 | D:4      | Reached XP level 7. HP: 56/56 MP: 7/7
  3897 | D:4      | Killed from afar by an orc wizard

Illustrated notes

Levels and vault maps discovered:
D:1:      elethiomel_arrival_maze, layout_loops_ring, basic_ecumenical_altar
D:2:      layout_basic, minmay_diced_spiral, uniq_robin, uniq_natasha,
          uniq_sigmund
D:3:      layout_rooms, okawaru_trees_2, serial_shops,
          nicolae_shop_competitors_out_of_business, gammafunk_ghost_grave
D:4:      layout_cave_pods, zin_statuary, gammafunk_temple_overflow_pools,
          uniq_blork_the_orc

Skill      XL: |  1  2  3  4  5 |
---------------+----------------+-----
Fighting       | 3 4 5 |  5.6
Slings         | 5 6 |  6.8
Dodging        | |  1.7
Stealth        | |  1.2

Action                   |  1- 3 |  4- 6 |  7- 9 || total
-------------------------+-------+-------+-------++-------
Melee: Short sword       |     6 |       |     4 ||    10
       Whip              |    23 |    50 |       ||    73
 Fire: Hunting sling     |    71 |   141 |    10 ||   222
  Use: Potion            |       |     1 |     3 ||     4
       Scroll            |       |     1 |       ||     1
Armor: Leather armour    |    14 |    15 |       ||    29
       Chain mail        |       |    18 |     3 ||    21
Dodge: Dodged            |    27 |    56 |     3 ||    86

Table legend: (Time is in decaauts)
 A = Elapsed time spent in this place.
 B = Non-inter-level travel time spent in this place.
 C = Inter-level travel time spent in this place.
 D = Time resting spent in this place.
 E = Time spent auto-exploring this place.
 F = Levels seen in this place.
 G = Mean time per level.
                   A        B        C        D        E       F      G
               +--------+--------+--------+--------+--------+-----+--------+
         Total |   3876 |   3798 |     78 |      0 |   3193 |   4 |  969.0 |
       Dungeon |   3876 |   3798 |     78 |      0 |   3193 |   4 |  969.0 |
               +--------+--------+--------+--------+--------+-----+--------+

Top non-repeatable levels by time:
     D:2: 1899 daAuts
     D:1: 1246 daAuts
     D:3: 504 daAuts
     D:4: 226 daAuts
